 Dungeon Crawl Stone Soup version 0.31.0-32-g396128a36d (webtiles) character file.

Game seed: 10622949613411452941

493 AdnanSaban the Cudgeller (level 7, -1/44 HPs)
             Began as a Gargoyle Fighter on Apr 18, 2024.
             Was an Initiate of Okawaru.
             Slain by a killer bee (3 damage)
             ... on level 4 of the Dungeon.
             The game lasted 00:04:53 (3979 turns).

AdnanSaban the Cudgeller (Gargoyle Fighter)         Turns: 3979, Time: 00:04:54

Health: -1/44      AC: 13    Str: 21    XL:     7   Next: 15%
Magic:  8/8        EV:  9    Int:  9    God:    Okawaru [......]
Gold:   251        SH:  4    Dex:  9    Spells: 6/6 levels left

rFire   . . .        a - +0 flail
rCold   . . .        c - +0 buckler
rNeg    + . .        b - +0 scale mail
rPois   ∞            (no helmet)
rElec   +            (no cloak)
rCorr   .            (no gloves)
SInv    .            i - +0 pair of boots
Will    .....        (no amulet) Stlth
                     (no ring)
HPRegen 0.27/turn    (no ring)
MPRegen 0.11/turn

%: no passive effects
@: no status effects
A: sickness immunity, AC +4, negative energy resistance 1, electricity
resistance, torment resistance 1, petrification resistance
a: Renounce Religion


You were on level 4 of the Dungeon.
You worshipped Okawaru.
Okawaru was noncommittal.
You visited 1 branch of the dungeon, and saw 5 of its levels.

You collected 251 gold pieces.

Inventory:

Hand Weapons
 a - a +0 flail (weapon)
Missiles
 m - a boomerang (quivered)
 s - 3 javelins
Armour
 b - a +0 scale mail (worn)
 c - a +0 buckler (worn)
 i - a +0 pair of boots (worn)
Jewellery
 l - a ring of fire
Wands
 n - a wand of quicksilver (4)
 r - a wand of iceblast (9)
Scrolls
 g - 3 scrolls of teleportation {unknown}
 h - 4 scrolls of identify {unknown}
 j - a scroll of amnesia {unknown}
 o - a scroll of revelation {unknown}
 q - a scroll of enchant armour {unknown}
 t - a scroll of poison {unknown}
Potions
 d - a potion of might
 e - 4 potions of curing
 f - 2 potions of enlightenment {unknown}
 k - a potion of brilliance {unknown}
 p - a potion of haste {unknown}


   Skills:
 + Level 4.4 Fighting
 + Level 5.3 Maces & Flails
 + Level 0.2 Throwing
 + Level 4.4 Armour
 + Level 1.3 Dodging
 + Level 0.2 Stealth
 + Level 4.2 Shields
 * Level 1.4 Invocations


You had 6 spell levels left.
You didn't know any spells.
Your spell library contained the following spells:

 Spells                   Type           Power      Damage    Failure   Level
 Gell's Gravitas          Tloc           0%         N/A       98%         3
 Teleport Other           Tloc           0%         N/A       98%         3
 Dispersal                Tloc           0%         N/A       100%        6


Dungeon Overview and Level Annotations

Branches:
Dungeon (5/15)             Temple (0/1) D:4

Altars:
Dithmenos
Okawaru
Ru
Trog

Shops:
D:3 ?

Annotations:
D:5 Eustachio


Innate Abilities, Weirdness & Mutations

You are immune to sickness and miasma.
Your stone body is resilient. (AC +4)
You are immune to poison.
You resist negative energy. (rN+)
You are resistant to electric shocks. (rElec)
You are resistant to unholy torment.
You are immune to petrification.


Message History

The killer bee stings you but does no damage. x2
You miss the killer bee. The killer bee barely misses you.
The killer bee closely misses you. You block the killer bee's attack.
The killer bee stings you but does no damage.
The killer bee closely misses you. x2; You block the killer bee's attack.
The killer bee barely misses you.
Okay, then.
It was a potion of curing.
You feel better. You block the killer bee's attack.
The killer bee stings you but does no damage.
The killer bee stings you.
* * * LOW HITPOINT WARNING * * *
The killer bee stings you but does no damage. x2
The killer bee closely misses you.
You sock the killer bee!
The killer bee is heavily wounded.
You block the killer bee's attack.
The killer bee stings you but does no damage. x2
The killer bee completely misses you. The killer bee stings you.
* * * LOW HITPOINT WARNING * * *
The killer bee stings you.
* * * LOW HITPOINT WARNING * * *
The killer bee barely misses you.
You closely miss the killer bee.
The killer bee is heavily wounded.
The killer bee stings you.
* * * LOW HITPOINT WARNING * * *
The killer bee misses you.
The killer bee stings you but does no damage.
The killer bee closely misses you. The killer bee stings you.
* * * LOW HITPOINT WARNING * * *
You block the killer bee's attack. The killer bee barely misses you.
The killer bee stings you but does no damage.
You hit the killer bee.
The killer bee is heavily wounded.
The killer bee stings you but does no damage. x2
The killer bee stings you.
* * * LOW HITPOINT WARNING * * *
The killer bee stings you but does no damage. x2
The killer bee barely misses you. The killer bee stings you.
You die...

##........###.#.###...##
##'#####.....#..#....# #
#.############....#.# #
#...................# #
###..#######...###..### #
##..## #.##.......###
########...## #.##.#####...##
##.......#..####y##.# ###..##
##.########....y@y.#########..#
...# ##########...#...##.# ####
##..#..#..##.# #_#..#..#.†.(#
##.#..#.)#.### ##..###..## ####
####


You could see 3 killer bees.

Vanquished Creatures
  3 bombardier beetles
  An orc priest (D:4)
  2 hounds (D:4)
  Ijyb (D:4)
  4 iguanas
  An orc wizard (D:4)
  3 adders
  2 ufetubi (D:3)
  2 ribbon worms
  A dart slug (D:2)
  8 orcs
  9 ball pythons
  15 endoplasms
  4 giant cockroaches
  8 goblins
  10 hobgoblins
  6 jackals
  6 quokkas
  3 bats
  A frilled lizard (D:1)
  6 kobolds
  2 rats
  A spectral kobold (D:1)
99 creatures vanquished.

Notes
Turn   | Place    | Note
-------+----------+-------------------------------------------
     0 | D:1      | AdnanSaban the Gargoyle Fighter began the quest for the
                  | Orb.
     0 | D:1      | Reached XP level 1. HP: 14/14 MP: 1/1
   174 | D:1      | Reached XP level 2. HP: 11/19 MP: 2/2
   401 | D:1      | Found a faded altar of an unknown god.
   434 | D:1      | Reached XP level 3. HP: 20/24 MP: 3/3
  1681 | D:2      | Reached XP level 4. HP: 27/29 MP: 4/4
  1891 | D:2      | Reached skill level 3 in Maces & Flails
  2089 | D:3      | Found Cibiy's Magic Scroll Shoppe.
  2228 | D:3      | Reached XP level 5. HP: 23/33 MP: 5/5
  2483 | D:3      | Reached skill level 1 in Dodging
  2715 | D:4      | Found an iron altar of Okawaru.
  2755 | D:4      | Became a worshipper of Warmaster Okawaru
  2870 | D:4      | Reached skill level 4 in Maces & Flails
  2901 | D:4      | Reached XP level 6. HP: 8/38 MP: 6/6
  3172 | D:4      | Found a shadowy altar of Dithmenos.
  3230 | D:4      | Found a staircase to the Ecumenical Temple.
  3253 | D:4      | Reached skill level 5 in Maces & Flails
  3316 | D:4      | Reached skill level 1 in Invocations
  3466 | D:4      | Reached XP level 7. HP: 8/44 MP: 7/7
  3781 | D:5      | Entered Level 5 of the Dungeon
  3781 | D:5      | Noticed Ijyb
  3795 | D:4      | Killed Ijyb
  3810 | D:5      | Found a bloodstained altar of Trog.
  3872 | D:5      | Found a sacrificial altar of Ru.
  3904 | D:5      | Noticed Eustachio
  3978 | D:4      | HP: 2/44 [killer bee (1)]
  3979 | D:4      | Slain by a killer bee

Illustrated notes

Levels and vault maps discovered:
D:1:      sevenhm_arrival_forest_fort_large_2, layout_basic,
          dreamdust_ecumenical_altar_drowned_temple
D:2:      layout_basic
D:3:      layout_loops_ring, serial_shops, shop, minmay_bisected
D:4:      layout_basic, mainiacjoe_overflow_small_starburst, marbit_many_paths,
          temple_statues
D:5:      layout_cave_pools, mainiacjoe_overflow_brackets,
          mainiacjoe_overflow_concentric_impassable, minitemple,
          lemuel_tele_altar, minmay_fractal_squares_5, uniq_menkaure,
          uniq_eustachio, uniq_ijyb

Skill      XL: |  1  2  3  4  5  6 |
---------------+-------------------+-----
Maces & Flails | 3 4 5 |  5.3
Armour         | 4 |  4.4
Fighting       | 4 |  4.4
Dodging        | 1 |  1.3
Shields        | 4 |  4.2
Invocations    | 1 |  1.4
Throwing       | |  0.2
Stealth        | |  0.2

Action                     |  1- 3 |  4- 6 |  7- 9 || total
---------------------------+-------+-------+-------++-------
  Melee: Flail             |   163 |   219 |    45 ||   427
  Throw: Boomerang         |       |     5 |       ||     5
    Use: Potion            |       |       |     1 ||     1
 Armour: Scale mail        |   120 |   174 |   119 ||   413
  Dodge: Dodged            |    74 |    79 |    70 ||   223
  Block: Buckler           |    40 |    55 |    47 ||   142
